 Dungeon Crawl Stone Soup version 0.29.0-4-gdea44cf6ec (webtiles) character file.

Game seed: 8269006475886370665

104 qw the Chopper (level 4, 0/26 HPs)
             Began as a Tengu Warper on Aug 28, 2022.
             Succumbed to an adder's poison
             ... on level 3 of the Dungeon.
             The game lasted 00:00:13 (2657 turns).

qw the Chopper (Tengu Warper)                       Turns: 2657, Time: 00:00:13

Health: 0/26       AC:  5    Str: 14    XL:     4   Next: 80%
Magic:  6/8        EV: 11    Int: 13    God:
Gold:   192        SH:  0    Dex: 13    Spells: 7/7 levels left

rFire   + . .      SeeInvis .   Y - +0 hand axe
rCold   . . .      Faith    .   (no shield)
rNeg    . . .      Spirit   +   a - +0 ring mail
rPois   .          Reflect  .   (helmet restricted)
rElec   .          Harm     .   (no cloak)
rCorr   .          Rampage  .   (no gloves)
Will    .....                   (boots unavailable)
Stlth   +.........              l - amulet of guardian spirit
HPRegen 0.08/turn               d - ring of protection from fire
MPRegen 0.11/turn               (no ring)

@: lethally poisoned (0 -> -3)
A: beak, talons 3
a: no special abilities


You were on level 3 of the Dungeon.
You visited 1 branch of the dungeon, and saw 3 of its levels.

You collected 192 gold pieces.


Innate Abilities, Weirdness & Mutations

You have a beak for a mouth.
You have claws for feet.


   Skills:
 - Level 2.0 Fighting
 + Level 5.3 Axes
 - Level 1.0 Throwing
 - Level 1.1 Armour
 - Level 2.1 Dodging
 - Level 2.0 Spellcasting
 - Level 2.4 Translocations


You had 7 spell levels left.
You didn't know any spells.
Your spell library contained the following spells:

 Spells                   Type           Power      Damage    Failure   Level
 Blink                    Tloc           14%        N/A       30%         2
 Gell's Gravitas          Tloc           7%         N/A       52%         3
 Lesser Beckoning         Tloc           7%         N/A       52%         3
 Teleport Other           Tloc           7%         N/A       52%         3
 Manifold Assault         Tloc           7%         N/A       99%         5

Inventory:

Hand Weapons
 j - a +0 mace
 Y - a +0 hand axe (weapon)
Armour
 a - a +0 ring mail (worn)
Jewellery
 d - a ring of protection from fire (left hand)
 l - an amulet of guardian spirit (around neck)
Scrolls
 e - a scroll of identify
Potions
 f - a potion of heal wounds {unknown}
 g - a potion of brilliance {unknown}
 k - a potion of mutation {unknown}

Dungeon Overview and Level Annotations

Branches:
Dungeon (3/15)

Altars:


Message History

The adder bites you but does no damage. The adder bites you.
You miss the adder.
The adder is moderately wounded.
The adder bites you.
You are poisoned.
The adder poisons you!
You hit the adder. Your kick misses the adder.
The adder is moderately wounded.
You feel sick. The adder barely misses you.
You miss the adder.
The adder is moderately wounded.
You feel sick. The adder bites you.
You are more poisoned.
The adder poisons you! The adder closely misses you.
You miss the adder.
The adder is moderately wounded.
You feel sick. The adder bites you but does no damage.
You miss the adder.
The adder is moderately wounded.
You feel sick. The adder barely misses you.
You hit the adder. Your peck misses the adder.
The adder is heavily wounded.
You feel sick. The adder barely misses you. The adder bites you.
You are lethally poisoned!
The adder poisons you!
You slash the adder!
You kill the adder!
You feel very sick.
There is a lethal amount of poison in your body!
You feel sick.
There is a lethal amount of poison in your body!
You feel sick.
There is a lethal amount of poison in your body!
You feel sick.
There is a lethal amount of poison in your body!
You feel sick.
There is a lethal amount of poison in your body!
You feel sick.
There is a lethal amount of poison in your body!
You die...

... .. #.# #.# #.# #.# #
#.####.#### .#
.######.......... .
........##.....##.#
###.##......#.##
#......#...#...##
.#####.###..##.#@....#
.......# #<............#
#.####.###..##.#.....#.#
............##.##...##
#.######..####.###.##
#...........#
#.#####.##### #.# #.#
..# #.#


There were no monsters in sight!

Vanquished Creatures
  Jessica (D:2)
  3 adders
  2 worms (D:2)
  2 dart slugs (D:2)
  7 endoplasms
  A giant cockroach (D:2)
  7 goblins
  3 hobgoblins
  5 kobolds
  2 quokkas (D:2)
  2 ball pythons (D:2)
  2 frilled lizards
  3 rats
40 creatures vanquished.

Notes
Turn   | Place    | Note
-------+----------+-------------------------------------------
     0 | D:1      | qw the Tengu Warper began the quest for the Orb.
     0 | D:1      | Reached XP level 1. HP: 12/12 MP: 4/4
     0 | D:1      | 0 ||| qw: Version: 0.1-a-89-g26bdef1
     0 | D:1      | 0 ||| qw: Game counter: 1888
     0 | D:1      | 0 ||| qw: Always use a shield: true
     0 | D:1      | 0 ||| qw: God list: Okawaru
     0 | D:1      | 0 ||| qw: Allow faded altars: false
     0 | D:1      | 0 ||| qw: Do Orc after D:15 true
     0 | D:1      | 0 ||| qw: Do second Lair branch before Depths: true
     0 | D:1      | 0 ||| qw: Lair rune preference: random
     0 | D:1      | 0 ||| qw: Plans: Normal
     0 | D:1      | 0 ||| PLANNING D:1-11
   249 | D:1      | Reached skill level 3 in Axes
   249 | D:1      | Reached XP level 2. HP: 12/17 MP: 6/6
   963 | D:1      | Found a faded altar of an unknown god.
  1124 | D:1      | 1124 ||| UPGRADING to ring of protection from fire.
  1125 | D:1      | 1125 ||| READING scroll labelled RUYDOPPUAM.
  1128 | D:1      | 1128 ||| READING scroll labelled ZIQATH TEMPUP.
  1229 | D:1      | 1229 ||| READING scroll labelled HIPSAU ORCHANIORCH.
  1230 | D:1      | 1230 ||| READING scroll labelled BATETSIECK.
  1231 | D:1      | 1231 ||| DROPPING scroll of blinking.
  1378 | D:2      | Reached XP level 3. HP: 21/21 MP: 7/7
  1390 | D:2      | Noticed Jessica
  1391 | D:2      | 1391 ||| Stepping ~*~*~tactically~*~*~ (hiding).
  1398 | D:2      | Killed Jessica
  1399 | D:2      | Reached skill level 4 in Axes
  1753 | D:2      | Reached XP level 4. HP: 26/26 MP: 8/8
  1931 | D:2      | 1931 ||| FLEEEEING.
  1932 | D:2      | 1932 ||| FLEEEEING.
  1933 | D:2      | 1933 ||| FLEEEEING.
  1934 | D:2      | 1934 ||| FLEEEEING.
  1935 | D:2      | 1935 ||| FLEEEEING.
  1936 | D:2      | 1936 ||| FLEEEEING.
  1937 | D:2      | 1937 ||| FLEEEEING.
  1938 | D:2      | 1938 ||| FLEEEEING.
  1939 | D:2      | 1939 ||| FLEEEEING.
  1940 | D:2      | 1940 ||| FLEEEEING.
  1941 | D:2      | 1941 ||| FLEEEEING.
  1942 | D:2      | 1942 ||| FLEEEEING.
  1943 | D:2      | 1943 ||| FLEEEEING.
  1945 | D:2      | 1945 ||| Stepping ~*~*~tactically~*~*~ (hiding).
  1955 | D:2      | 1955 ||| Stepping ~*~*~tactically~*~*~ (stealth).
  2143 | D:2      | Reached skill level 5 in Axes
  2578 | D:2      | 2578 ||| UPGRADING to +0 ring mail.
  2588 | D:2      | 2588 ||| DROPPING +0 leather armour.
  2589 | D:2      | 2589 ||| UPGRADING to amulet of guardian spirit.
  2594 | D:2      | 2594 ||| DROPPING ring of wizardry.
  2595 | D:2      | 2595 ||| READING 3 scrolls labelled HUIL NANEETTIA.
  2596 | D:2      | 2596 ||| READING scroll labelled JASHRI JUNWIUDU.
  2597 | D:2      | 2597 ||| READING 2 scrolls of identify.
  2597 | D:2      | 2597 ||| IDENTIFYING fizzy black potion
  2598 | D:2      | 2598 ||| DROPPING potion of invisibility.
  2652 | D:3      | HP: 6/26 [poisoned by an adder]
  2655 | D:3      | HP: 2/26 [poisoned by an adder]
  2657 | D:3      | Succumbed to an adder's poison

Levels and vault maps discovered:
D:1:      psy_arrival_whirlpool, layout_loops_ring,
          shapermc_ecumenical_altar_petra, roderic_lattice_a,
          corexii_item_surrounded_by_moat
D:2:      layout_basic, uniq_jessica
D:3:      layout_loops_ring, kennysheep_orc_chapel

Skill      XL: |  1  2  3  4 |
---------------+-------------+-----
Axes           | 3 4 5 |  5.3
Fighting       | |  2.0
Throwing       | |  1.0
Armour         | |  1.1
Dodging        | |  2.1
Spellcasting   | |  2.0
Translocations | |  2.4

Action                   |  1- 3 |  4- 6 || total
-------------------------+-------+-------++-------
Melee: Hand axe          |    56 |    54 ||   110
       Kick              |    15 |    11 ||    26
       Peck              |     8 |     6 ||    14
Throw: Boomerang         |     7 |       ||     7
  Use: Scroll            |     4 |     3 ||     7
Armor: Leather armour    |     9 |     9 ||    18
       Ring mail         |       |     3 ||     3
Dodge: Dodged            |    24 |    30 ||    54

Table legend:
 A = Non-vault XP
 B = Vault XP
 C = Vault XP percentage of total XP
 D = Non-vault monster count
 E = Vault monster count
 F = Vault count percentage of total count
                 A         B        C        D         E       F
            +---------+---------+-------+---------+---------+-------
      Total |     112 |      37 |  24.8 |      39 |       1 |   2.5
            +---------+---------+-------+---------+---------+-------
        D:1 |      23 |       0 |   0.0 |      13 |       0 |   0.0
        D:2 |      76 |      37 |  32.7 |      25 |       1 |   3.8
        D:3 |      13 |       0 |   0.0 |       1 |       0 |   0.0
            +---------+---------+-------+---------+---------+-------
